 Dungeon Crawl Stone Soup version 0.17.1-1-g73c8601 (webtiles) character file.

179656 Arkorax the Warrior (level 18, -2/109 HPs)
             Began as a Vine Stalker Berserker on Jan 5, 2016.
             Was the Champion of Trog.
             Slain by a black mamba (4 damage)
             ... on level 4 of the Snake Pit.
             The game lasted 01:07:15 (28498 turns).

Arkorax the Warrior (Vine Stalker Berserker)       Turns: 28498, Time: 01:07:15

Health: -2/109     AC: 45    Str: 22    XL:     18   Next: 24%
Magic:  0/19       EV:  5    Int:  9    God:    Trog [******]
Gold:   2582       SH:  0    Dex: 22    Spells: 0 memorised, 17 levels left

rFire  + + .     SeeInvis .     O - +5 triple sword (slice)
rCold  . . .     Clarity  .     Z - +15 crystal plate armour of Anaesthesia {*Drain rF+ rCorr Int+2}
rNeg   + . .     SustAt   .     (shield currently unavailable)
rPois  +         Gourm    .     v - +0 helmet
rElec  .         Spirit   +     P - +2 cloak
rCorr  +         Warding  .     (no gloves)
rMut   .         Stasis   .     i - +2 pair of boots of the Present {rF+ rN+ Str-2}
MR     +++++                    (no amulet)
Stlth  ..........               W - ring of Gaeniz {MR+ Dex+4}
                                n - ring of poison resistance

@: lethally poisoned (-2 -> -5), very slightly contaminated, regenerating,
almost entirely resistant to hostile enchantments, extremely unstealthy
A: fangs 3, regeneration 3, magic shield, antimagic bite, no device heal 3, rot
immunity
a: Berserk, Trog's Hand, Brothers in Arms, Burn Spellbooks, Renounce Religion


You were on level 4 of the Snake Pit.
You worshipped Trog.
Trog was exalted by your worship.
You were not hungry.

You visited 4 branches of the dungeon, and saw 31 of its levels.
You also visited: Labyrinth and Ice Cave.

You collected 3035 gold pieces.
You spent 453 gold pieces at shops.

Inventory:

Hand Weapons
 A - a +5 great sword of freezing
 O - a +5 triple sword of slicing (weapon)
Armour
 i - the +2 pair of boots of the Present (worn) {rF+ rN+ Str-2}
   (You found it in a labyrinth)

   It affects your strength (-2).
   It protects you from fire.
   It protects you from negative energy.
 v - a +0 helmet (worn)
 N - the +2 pair of boots of an ossuary {*Corrode rN++ Regen+ Int+3}
   (You found it on level 2 of the Snake Pit)

   It affects your intelligence (+3).
   It greatly protects you from negative energy.
   It increases your rate of regeneration.
   It may corrode your equipment when you take damage.
 P - a +2 cloak (worn)
 Z - the +15 crystal plate armour of Anaesthesia (worn) {*Drain rF+ rCorr Int+2}
   (You found it on level 1 of the Lair of Beasts)

   It affects your intelligence (+2).
   It protects you from fire.
   It protects you from acid and corrosion.
   It causes draining when unequipped.
Jewellery
 b - the ring of Nihilism {rC+ Int+4}
   (You took it off a minotaur in a labyrinth)

   [ring of intelligence]

   It affects your intelligence (+4).
   It protects you from cold.
 e - an uncursed ring of see invisible
 j - an uncursed ring of sustain attributes
 n - a ring of poison resistance (left hand)
 t - an uncursed ring of protection from fire
 W - the ring of Gaeniz (right hand) {MR+ Dex+4}
   (You found it on level 2 of the Lair of Beasts)

   [ring of protection from magic]

   It affects your dexterity (+4).
   It affects your resistance to hostile enchantments.
Wands
 k - a wand of fire (4)
 x - a wand of digging (13)
 G - a wand of slowing (24)
 H - a wand of teleportation (3)
 J - a wand of paralysis (7)
 K - a wand of confusion (39)
 Q - a wand of fire (7)
 T - a wand of teleportation (2)
 U - a wand of disintegration (13)
Scrolls
 a - 3 scrolls of recharging
 d - 2 scrolls of fog
 m - 7 scrolls of blinking
 u - 8 scrolls of teleportation
 w - a scroll of identify
 y - 10 scrolls of remove curse
 C - a scroll of summoning
 D - 6 scrolls of magic mapping
Potions
 p - 5 potions of magic
 q - 4 potions of curing
 r - 3 potions of flight
 s - 2 potions of brilliance
 z - 4 potions of ambrosia
 B - 6 potions of degeneration
 E - 2 potions of berserk rage
 I - 3 potions of haste
 L - a potion of might
 S - 2 potions of mutation
 V - a potion of cancellation
 X - 3 potions of agility
 Y - 4 potions of lignification
Books
 o - a book of Necromancy

   Spells                             Type                      Level
   a - Pain                           Necromancy                   1
   b - Animate Skeleton               Necromancy                   1
   c - Vampiric Draining              Necromancy                   3
   d - Regeneration                   Charms/Necromancy            3
   e - Animate Dead                   Necromancy                   4
   f - Control Undead                 Necromancy                   4
   Trog disapproves of the use of such an item.
Miscellaneous
 M - a legendary deck of escape
Comestibles
 c - 5 bread rations
 f - 8 royal jellies
 g - 6 meat rations
 h - 26 beef jerkies
 F - 3 slices of pizza
 R - 29 fruits


   Skills:
 * Level 18.2 Fighting
 * Level 18.0 Long Blades
 + Level 12.4 Armour
 - Level 1.5 Dodging


You had 17 spell levels left.
You didn't know any spells.

Dungeon Overview and Level Annotations

Branches:
Dungeon (15/15)            Temple (0/1) D:5            Lair (8/8) D:11
  Swamp (0/4) Lair:6        Snake (4/4) Lair:6        Slime (0/6) Lair:6
    Orc (4/4) D:9             Elf (0/3) Orc:4        Vaults (0/5) D:14
 Depths (0/5) D:15

Altars:
Elyvilon
Fedhas
Gozag
Makhleb
Nemelex Xobeh
Qazlal
Trog
Xom
Yredelemnul
The Shining One
Beogh
Jiyva

Shops:
D:4 *   D:6 !}}   D:8 *[!   D:13 }   Orc:1 (   Orc:2 [   Orc:4 *[*!


Innate Abilities, Weirdness & Mutations

You have razor-sharp teeth.
You regenerate.
When hurt, damage is shared between your health and your magic reserves.
Your bite disrupts and absorbs the magic of your enemies.
Potions and wands cannot restore your health.
You are immune to rotting.


Message History

A guardian serpent comes into view.
The guardian serpent shouts!
You hear a shout!
The naga spits poison at you. The splash of poison hits you!
You are more poisoned.
You resist. The naga mage spits poison at you. The splash of poison hits you!
You resist. The naga ritualist spits poison at you.
The splash of poison hits you! You resist.
The naga mage mumbles some strange words.
The naga mage seems to speed up.
The naga mage casts a spell.
The naga mage seems to speed up.
A greater naga comes into view. It is wielding a spear.
The greater naga casts a spell at you. The poison arrow hits you!
You are lethally poisoned!
The black mamba bites you.
You die...

.#
####.#,,,,,,,,,,,,,,,**,*
.# #.#)..SN8NN.8NS,,,**,*
.#
###...⌠N...N..S,,,**,***
## #.S...8N..8NN,,,*,,,,,
#...S..N...N.,,,******
#...SN8.N.8..,,,*
#..⌠.SN..NN.N⌠,,*
#....N8...8..,,,*
*#..S@.N..N..,,**
#...##...##N,,*
##.N,**.##,,,**
#.S,,**#,,,,*
##.,,,,,,,,** ##*,,,,,***
*******


You could see a naga warrior (wandering), 4 greater nagas, a naga sharpshooter,
a salamander mystic, 4 anacondas, 3 naga ritualists, 4 guardian serpents, a
black mamba, 4 naga magi and 8 nagas.

Vanquished Creatures
  Kirke (Lair:8)
  2 greater nagas (Snake:4)
  A frost giant (IceCv)
  Maud (Lair:3)
  2 orc warlords (Orc:4)
  Aizul (Snake:2)
  Louise (D:15)
  A dire elephant (D:15)
  A fire dragon (Lair:8)
  A minotaur (Lab)
  A vault guard (D:14)
  An ogre mage (Orc:4)
  10 naga warriors
  3 catoblepae (D:14)
  8 hydras
  11 anacondas
  4 centaur warriors
  7 death yaks
  A tengu warrior (D:15)
  5 shock serpents
  4 orc high priests (Orc:4)
  Urug (Lair:3)
  8 naga sharpshooters
  Sonja (D:14)
  8 hell knights (D:13)
  A fire crab (shapeshifter) (D:15)
  A fire crab (Lair:8)
  A salamander mystic (Snake:3)
  8 sea snakes
  2 skeletal warriors (D:11)
  2 naga ritualists
  4 orc knights
  2 unseen horrors (D:13)
  5 lindwurms
  2 necromancers (D:13)
  2 wizards (D:15)
  A wolf spider (D:15)
  An orb spider (shapeshifter) (D:14)
  3 hill giants
  6 mana vipers
  2 griffons
  5 salamanders
  3 orc sorcerers (Orc:4)
  15 elephants
  9 ugly things
  5 cyclopes
  Maurice (Orc:2)
  21 black mambas
  15 naga magi
  A gargoyle (D:10)
  2 guardian serpents
  8 torpor snails
  7 spiny frogs
  11 komodo dragons
  An efreet (D:13)
  The ghost of Mysteryquy the Basher, a novice GrFi of Okawaru (D:5)
  9 fire drakes
  10 trolls
  24 polar bears
  A queen bee (D:8)
  2 giant leeches (Lair:8)
  Grinder (D:6)
  A polar bear (shapeshifter) (D:13)
  Prince Ribbit (D:5)
  2 raiju (Lair:8)
  7 two-headed ogres
  21 blink frogs
  A trapdoor spider (D:14)
  A boulder beetle (Lair:8)
  3 deep elf magi
  Sigmund (D:3)
  10 wyverns
  A steam dragon (D:8)
  59 yaks
  3 basilisks
  7 hippogriffs
  A vampire (D:15)
  A mottled dragon (D:15)
  6 vampire mosquitoes
  11 hell hounds
  A soldier ant (D:12)
  14 water moccasins
  17 wargs
  11 ice beasts
  35 wolves
  33 nagas
  49 orc warriors
  5 spiders (Snake:3)
  4 wasps (Lair:8)
  13 porcupines
  15 black bears
  3 phantoms
  3 sky beasts
  3 necrophages
  11 crocodiles
  18 ogres
  An eye of draining (D:8)
  16 centaurs
  3 brain worms (Lair:8)
  2 big kobolds (D:9)
  20 giant frogs
  25 killer bees
  2 scorpions
  6 wights
  An electric eel (Lair:5)
  14 crimson imps
  2 giant frog zombies
  2 wasp zombies
  4 jellies
  43 orc priests
  4 centaur skeletons
  7 iguanas
  16 hounds
  10 worker ants
  4 giant frog skeletons
  Natasha (twice) (D:2)
  26 orc wizards
  35 sheep
  A killer bee zombie (D:6)
  A hound zombie (D:8)
  2 hound skeletons
  3 worker ant zombies
  27 adders
  3 gnolls (D:9)
  2 shadow imps
  71 river rats
  An ooze (D:1)
  18 worms
  6 giant geckos
  182 orcs
  11 bats
  3 giant cockroaches (D:4)
  9 goblins
  9 hobgoblins
  15 jackals
  6 quokkas
  4 ball pythons
  6 giant newts
  9 kobolds
  6 rats
1292 creatures vanquished.

Vanquished Creatures (collateral kills)
  Vashnia (Snake:2)
  A catoblepas (Lair:3)
  4 death yaks (Lair:6)
  2 naga sharpshooters (Snake:2)
  A skeletal warrior (D:11)
  A hill giant (D:10)
  A black mamba (Snake:2)
  A blink frog (Lair:1)
  A water moccasin (Snake:2)
  An ice beast (D:10)
  A phantom (D:12)
  A necrophage (D:10)
  A crocodile (Lair:3)
  2 centaurs
  An orc priest (D:10)
  A hound (D:11)
  2 orcs (D:10)
23 creatures vanquished.

Vanquished Creatures (others)
  A wizard (D:5)
  5 humans (Lair:8)
  3 vampire mosquitoes (D:13)
  A wolf (IceCv)
  An orc warrior (D:15)
  A crocodile (Lair:8)
  43 fungi
  31 plants
86 creatures vanquished.

Grand Total: 1401 creatures vanquished

Notes
Turn   | Place    | Note
--------------------------------------------------------------
     0 | D:1      | Arkorax the Vine Stalker Berserker began the quest for the Orb.
     0 | D:1      | Reached XP level 1. HP: 11/11 MP: 2/2
   329 | D:1      | Reached skill level 3 in Fighting
   329 | D:1      | Reached XP level 2. HP: 14/16 MP: 3/3
   681 | D:1      | Reached XP level 3. HP: 20/20 MP: 4/4
   916 | D:2      | Reached ** piety under Trog
  1111 | D:2      | Noticed Natasha
  1121 | D:2      | Killed Natasha
  1121 | D:2      | Reached XP level 4. HP: 25/25 MP: 5/5
  1134 | D:2      | Noticed Natasha
  1192 | D:2      | Killed Natasha
  1201 | D:2      | You fall through a shaft!
  1209 | D:3      | Noticed Sigmund
  1217 | D:3      | Killed Sigmund
  1217 | D:3      | Reached skill level 4 in Fighting
  1217 | D:3      | Reached XP level 5. HP: 30/30 MP: 6/6
  1217 | D:3      | Gained mutation: You heal very quickly. [Vine Stalker growth]
  1217 | D:3      | Reached XP level 6. HP: 34/34 MP: 7/7
  1678 | D:3      | Noticed an ogre
  1684 | D:3      | Killed an ogre
  1684 | D:3      | Reached skill level 5 in Long Blades
  1884 | D:3      | Reached skill level 5 in Fighting
  1888 | D:3      | Reached *** piety under Trog
  1924 | D:3      | Reached XP level 7. HP: 7/39 MP: 4/8
  2328 | D:4      | Found a stormy altar of Qazlal.
  2330 | D:4      | Found a blossoming altar of Fedhas.
  2806 | D:4      | Found Kiuqikk's General Store.
  3277 | D:5      | Entered Level 5 of the Dungeon
  3287 | D:5      | Reached skill level 6 in Fighting
  3335 | D:5      | Noticed Prince Ribbit
  3347 | D:5      | Killed Prince Ribbit
  3347 | D:5      | Gained mutation: You have razor-sharp teeth. [Vine Stalker growth]
  3347 | D:5      | Reached XP level 8. HP: 25/45 MP: 9/9
  3476 | D:5      | Found a bloodstained altar of Trog.
  3477 | D:5      | Noticed a wizard
  3482 | D:5      | Killed a wizard
  3534 | D:5      | Found a staircase to the Ecumenical Temple.
  3565 | D:5      | Noticed Mysteryquy's ghost (novice GrFi)
  3584 | D:5      | Killed Mysteryquy's ghost
  3584 | D:5      | Reached skill level 7 in Fighting
  4015 | D:6      | Found Zapemp's Gadget Emporium.
  4067 | D:6      | Reached **** piety under Trog
  4079 | D:6      | Reached XP level 9. HP: 43/51 MP: 10/10
  4109 | D:6      | Found Deneboeh's Distillery.
  4149 | D:6      | Reached skill level 8 in Fighting
  4209 | D:6      | Found Xevea's Gadget Boutique.
  4268 | D:6      | Found a burning altar of Makhleb.
  4269 | D:6      | Found a shimmering altar of Xom.
  4323 | D:6      | Found a sparkling altar of Nemelex Xobeh.
  4677 | D:6      | Noticed Grinder
  4686 | D:6      | Killed Grinder
  4799 | D:7      | Reached skill level 9 in Fighting
  5165 | D:7      | Reached XP level 10. HP: 54/58 MP: 11/11
  5524 | D:8      | Found Mexzuxkutt's Antique Armour Emporium.
  5641 | D:8      | Found Geanijeatopn's Assorted Antiques.
  5649 | D:8      | Bought a scroll labeled OLACKU JUYMEBA for 22 gold pieces
  5649 | D:8      | Bought a scroll of remove curse for 66 gold pieces
  5649 | D:8      | Bought a scroll of remove curse for 66 gold pieces
  5649 | D:8      | Bought a pair of embroidered boots for 99 gold pieces
  5649 | D:8      | Bought a scroll labeled IDWORR KEUBLA for 22 gold pieces
  5677 | D:8      | Received a gift from Trog
  5686 | D:8      | Reached skill level 10 in Fighting
  5692 | D:8      | Reached ***** piety under Trog
  5715 | D:8      | Reached skill level 10 in Long Blades
  6026 | D:8      | Found Zadghecw's Distillery.
  6050 | D:8      | Found Otaimaj's Armour Shop.
  6324 | D:9      | Received a gift from Trog
  6568 | D:9      | Found a staircase to the Orcish Mines.
  6805 | D:9      | Found a basalt altar of Yredelemnul.
  6807 | D:9      | Noticed a profane servitor
  6829 | D:9      | Reached XP level 11. HP: 64/64 MP: 12/12
  6857 | D:9      | Reached skill level 11 in Fighting
  6937 | D:9      | Found a glowing golden altar of the Shining One.
  7089 | D:9      | Found a glowing golden altar of the Shining One.
  7091 | D:9      | Noticed an angel
  7120 | D:10     | Entered Level 10 of the Dungeon
  7502 | D:10     | Noticed a hill giant
  7513 | D:10     | Killed a hill giant
  8126 | D:11     | Got a pitted great sword
  8127 | D:11     | Identified the +3 great sword of Maam {drain, *Rage *Confuse rPois Int+2} (You found it on level 11 of the Dungeon)
  8141 | D:11     | Noticed a skeletal warrior
  8151 | D:11     | Killed a skeletal warrior
  8169 | D:11     | Found a staircase to the Lair.
  8179 | D:11     | Noticed a skeletal warrior
  8179 | D:11     | Noticed a skeletal warrior
  8191 | D:11     | Killed a skeletal warrior
  8195 | D:11     | Killed a skeletal warrior
  8351 | D:11     | Reached skill level 12 in Long Blades
  9115 | D:12     | Gained mutation: You regenerate. [Vine Stalker growth]
  9115 | D:12     | Reached XP level 12. HP: 14/72 MP: 2/13
  9231 | D:12     | Received a gift from Trog
  9698 | Lair:1   | Entered Level 1 of the Lair of Beasts
  9907 | Lair:1   | Got a shimmering crystal plate armour
  9921 | Lair:1   | Identified the +15 crystal plate armour of Anaesthesia {*Drain rF+ rCorr Int+2} (You found it on level 1 of the Lair of Beasts)
 11158 | Lair:2   | Reached skill level 13 in Long Blades
 11521 | Lair:3   | Noticed Urug
 11533 | Lair:3   | Killed Urug
 11631 | Lair:3   | Noticed a catoblepas
 11644 | Lair:3   | Killed a catoblepas
 11655 | Lair:3   | Received a gift from Trog
 11868 | Lair:3   | Noticed Maud
 11875 | Lair:3   | Killed Maud
 11875 | Lair:3   | Reached skill level 5 in Armour
 11875 | Lair:3   | Reached XP level 13. HP: 74/77 MP: 14/14
 12705 | Lair:4   | Identified the Reference Book on Companions
 13816 | Lair:6   | Found a staircase to the Swamp.
 13949 | Lair:6   | Reached skill level 14 in Fighting
 13994 | Lair:6   | Found a staircase to the Snake Pit.
 13996 | Lair:6   | Received a gift from Trog
 14089 | Lair:6   | Found a viscous altar of Jiyva.
 14089 | Lair:6   | Found a staircase to the Slime Pits.
 14716 | Lair:7   | Reached XP level 14. HP: 78/84 MP: 15/15
 15629 | Lair:8   | Entered Level 8 of the Lair of Beasts
 15724 | Lair:8   | Found a frozen archway.
 15754 | IceCv    | Entered an ice cave
 15788 | IceCv    | Reached ****** piety under Trog
 16180 | IceCv    | Noticed a frost giant
 16204 | IceCv    | Killed a frost giant
 16204 | IceCv    | Reached skill level 15 in Fighting
 16204 | IceCv    | Reached skill level 15 in Long Blades
 16408 | Lair:8   | Received a gift from Trog
 16464 | Lair:8   | Reached XP level 15. HP: 80/90 MP: 16/16
 16479 | Lair:8   | Noticed Kirke
 16489 | Lair:8   | Killed Kirke
 16509 | Lair:8   | Got a pair of brightly glowing boots
 16515 | Lair:8   | Identified the +1 pair of boots "Jyp Evul" {Str+3} (You found it on level 8 of the Lair of Beasts)
 17603 | Lair:8   | Found a runed door.
 17693 | Lair:8   | Received a gift from Trog
 18290 | D:13     | Reached skill level 10 in Armour
 18591 | D:13     | Reached skill level 16 in Fighting
 18611 | D:13     | Received a gift from Trog
 18940 | D:13     | Found Oqoiwkof's Gadget Shoppe.
 19010 | D:14     | Reached XP level 16. HP: 96/96 MP: 17/17
 19086 | D:14     | Found a labyrinth entrance.
 19095 | Lab      | Entered a labyrinth
 19209 | Lab      | Got a transparent marble ring
 19213 | Lab      | Identified the ring of Nihilism {rC+ Int+4} (You took it off a minotaur in a labyrinth)
 19227 | Lab      | Got a pair of ichor-stained boots
 19228 | Lab      | Identified the +2 pair of boots of the Present {rF+ rN+ Str-2} (You found it in a labyrinth)
 19415 | D:14     | Received a gift from Trog
 19453 | D:14     | Noticed Sonja
 19460 | D:14     | Killed Sonja
 19654 | D:14     | Found a white marble altar of Elyvilon.
 19949 | D:14     | Found a gate to the Vaults.
 20003 | D:15     | Entered Level 15 of the Dungeon
 20125 | D:15     | Noticed Louise
 20158 | D:15     | Killed Louise
 20194 | D:15     | Identified a cursed +0 rod of shadows (14/14) (You found it in a labyrinth)
 20555 | D:15     | Found an opulent altar of Gozag.
 20944 | D:15     | Found a staircase to the Depths.
 21221 | D:13     | Received a gift from Trog
 21393 | Orc:1    | Entered Level 1 of the Orcish Mines
 21435 | Orc:1    | Found Ysmey's Antique Weapon Shoppe.
 21922 | Orc:2    | Noticed Maurice
 21934 | Orc:2    | Killed Maurice
 22043 | Orc:2    | Found Baloigh's Antique Armour Shoppe.
 22443 | Orc:3    | Received a gift from Trog
 22870 | Orc:4    | Entered Level 4 of the Orcish Mines
 23362 | Orc:4    | Found a roughly hewn altar of Beogh.
 23446 | Orc:4    | Found Horis's General Store.
 23450 | Orc:4    | Received a gift from Trog
 23464 | Orc:4    | Found Cenirch's Antique Armour Shoppe.
 23579 | Orc:4    | Found a staircase to the Elven Halls.
 24096 | Orc:4    | Received a gift from Trog
 24261 | Orc:4    | Found Xivodej's Distillery.
 24319 | Orc:4    | Found Suymakh's Assorted Antiques.
 24333 | Orc:4    | Reached skill level 17 in Fighting
 24351 | Orc:4    | Bought a scroll labeled RERONE JI QUKK for 21 gold pieces
 24351 | Orc:4    | Bought a scroll of blinking for 157 gold pieces
 24363 | Orc:4    | Found a roughly hewn altar of Beogh.
 24400 | Orc:4    | Reached XP level 17. HP: 93/102 MP: 15/18
 25496 | Lair:2   | Got a warped steel ring
 25498 | Lair:2   | Identified the ring of Gaeniz {MR+ Dex+4} (You found it on level 2 of the Lair of Beasts)
 25670 | Snake:1  | Entered Level 1 of the Snake Pit
 26603 | Snake:2  | Noticed Aizul
 26618 | Snake:2  | Killed Aizul
 26625 | Snake:2  | Got a pair of crude boots
 26641 | Snake:2  | Identified the +2 pair of boots of an ossuary {*Corrode rN++ Regen+ Int+3} (You found it on level 2 of the Snake Pit)
 26729 | Snake:2  | Noticed Vashnia
 26737 | Snake:1  | Received a gift from Trog
 26842 | Snake:2  | Killed Vashnia
 26958 | Snake:2  | Found a basalt altar of Yredelemnul.
 27669 | Snake:3  | Reached skill level 18 in Fighting
 27669 | Snake:3  | Reached XP level 18. HP: 109/109 MP: 19/19
 27797 | Snake:3  | Received a gift from Trog
 28193 | Snake:4  | Entered Level 4 of the Snake Pit
 28497 | Snake:4  | HP: 2/109 [shock serpent/bolt of electricity (10)]
 28498 | Snake:4  | Slain by a black mamba

Action                   |  1- 3 |  4- 6 |  7- 9 | 10-12 | 13-15 | 16-18 || total
-------------------------+-------+-------+-------+-------+-------+-------++-------
Melee: Falchion          |    98 |    88 |   330 |       |       |       ||   516
       Scimitar          |       |       |    31 |   696 |       |       ||   727
       Great sword       |       |       |       |    30 |  1281 |  1083 ||  2394
       Triple sword      |       |       |       |       |       |   148 ||   148
Invok: Berserk           |     1 |     2 |     5 |    11 |    10 |    10 ||    39
       Trog's Hand       |       |       |     2 |     7 |     4 |     6 ||    19
       Brothers in Arms  |       |       |       |     7 |     2 |     3 ||    12
       Burn Spellbooks   |       |       |       |     2 |     3 |     6 ||    11
Evoke: Wand              |       |       |       |     3 |     1 |     3 ||     7
  Use: Scroll            |     1 |       |     9 |    13 |     6 |    21 ||    50
       Potion            |       |       |       |       |     3 |     2 ||     5
 Stab: Paralysed         |       |       |       |       |       |     2 ||     2
  Eat: Chunk             |       |     4 |     3 |     6 |     7 |       ||    20
       Bread ration      |       |     1 |     2 |     3 |     4 |     5 ||    15
       Meat ration       |       |       |     1 |     2 |     3 |     3 ||     9
       Royal jelly       |       |       |       |     2 |       |     2 ||     4
